 Dungeon Crawl Stone Soup version 0.20-a0-492-g6327889 (webtiles) character file.

2450 nubinia the Frost Mage (level 9, -5/61 HPs)
             Began as a Barachian Ice Elementalist on Jan 15, 2017.
             Was a High Priest of Cheibriados.
             Slain by a porcupine (11 damage)
             ... on level 8 of the Dungeon.
             The game lasted 00:38:32 (7527 turns).

nubinia the Frost Mage (Barachian Ice Elementalist) Turns: 7527, Time: 00:38:33

Health: -5/61      AC:  5    Str: 17    XL:     9   Next: 50%
Magic:  26/27      EV: 15    Int: 27    God:    Cheibriados [*****.]
Gold:   500        SH:  8    Dex: 27    Spells: 8/20 levels left

rFire    . . .     SeeInvis .   d - +0 dagger
rCold    . . .     Gourm    .   a - +1 robe
rNeg     . . .     Faith    +   z - +2 buckler
rPois    .         Spirit   .   C - +2 hat
rElec    .         Reflect  .   (no cloak)
rCorr    .         Harm     .   (no gloves)
MR       .....                  (no boots)
Stlth    +++.......             w - amulet of faith
Regen    0.2/turn               m - +4 ring of dexterity
                                p - ring of magical power

@: can't hop, very slow
A: swims, slowness 1, strong legs 1
a: Hop, Bend Time, Temporal Distortion, Slouch, Step From Time, Renounce
Religion


You were on level 8 of the Dungeon.
You worshipped Cheibriados.
Cheibriados was extremely pleased with you.
You were not hungry.

You visited 1 branch of the dungeon, and saw 8 of its levels.

You collected 500 gold pieces.

Inventory:

Hand Weapons
 d - a +0 dagger (weapon)
 g - a -3 dagger
 x - a -3 dagger
 E - a -2 morningstar
Armour
 a - a +1 robe (worn)
 z - a +2 buckler (worn)
 C - a +2 hat (worn)
Jewellery
 k - a +3 ring of dexterity
 m - a +4 ring of dexterity (right hand)
 p - a ring of magical power (left hand)
 u - an uncursed ring of protection from cold
 w - an amulet of faith (around neck)
 A - an uncursed ring of protection from fire
Wands
 F - a wand of acid (15/15)
 G - a wand of flame (16/48)
 I - a wand of random effects (10/48)
Scrolls
 e - a scroll of enchant armour
 l - 2 scrolls of magic mapping
 n - a scroll of fear
 r - 5 scrolls of teleportation
 y - 4 scrolls of amnesia
 D - 2 scrolls of remove curse
Potions
 h - a potion of agility {unknown}
 j - a potion of cancellation {unknown}
 q - a potion of heal wounds
 s - a potion of brilliance
 t - a potion of ambrosia
 v - a potion of curing
 B - a potion of mutation
Books
 b - a book of Frost

   Spells                             Type                      Level
   a - Freeze                         Ice                          1
   b - Throw Frost                    Conjuration/Ice              2
   c - Ozocubu's Armour               Charms/Ice                   3
   d - Throw Icicle                   Conjuration/Ice              4
   e - Summon Ice Beast               Ice/Summoning                4
 H - a book of Maledictions

   Spells                             Type                      Level
   a - Corona                         Hexes                        1
   b - Ensorcelled Hibernation        Hexes/Ice                    2
   c - Confuse                        Hexes                        3
   d - Tukima's Dance                 Hexes                        3
   e - Dazzling Spray                 Conjuration/Hexes            3
Comestibles
 c - 2 bread rations
 f - 3 fruits
 o - 4 meat rations


   Skills:
 + Level 1.9 Fighting
 + Level 2.2 Short Blades
 + Level 3.8 Dodging
 + Level 4.2 Stealth
 + Level 2.8 Shields
 + Level 6.4 Spellcasting
 + Level 1.1 Conjurations
 + Level 0.8 Charms
 * Level 4.3 Summonings
 + Level 8.2 Ice Magic


You had 8 spell levels left.
You knew the following spells:

 Your Spells              Type           Power        Failure   Level  Hunger
a - Freeze                Ice            ####         1%          1    None
b - Throw Frost           Conj/Ice       ####..       1%          2    None
c - Ozocubu's Armour      Chrm/Ice       ####....     3%          3    None
d - Summon Ice Beast      Ice/Summ       #####...     8%          4    ###....
e - Ensorcelled Hibernat  Hex/Ice        ####..       1%          2    None


Dungeon Overview and Level Annotations

Branches:
Dungeon (8/15)             Temple (0/1) D:7
   Lair: D:8-11

Altars:
Cheibriados
Dithmenos
Elyvilon
Gozag
Uskayaw
Vehumet


Innate Abilities, Weirdness & Mutations

You can swim through water.
You cover ground slowly.
You can hop short distances.


Message History

The porcupine bites you!
* * * LOW HITPOINT WARNING * * *
You block the porcupine's attack. The porcupine closely misses you.
The flow of time bends around you.
Cheibriados rebukes the porcupine.
The porcupine seems to slow down.
The porcupine resists with some effort.
Cheibriados rebukes the porcupine.
The porcupine seems to slow down.
You feel slightly more hungry. You block the porcupine's attack.
The porcupine bites you!
* * * LOW HITPOINT WARNING * * *
The porcupine misses you. The porcupine barely misses you.
You block the porcupine's attack. The porcupine misses you.
The porcupine barely misses you.
Hop to where?
Press: ? - help, Dir - move target cursor, p - porcupine Boing!
You block the porcupine's attack.
There is an open door here.
You block the porcupine's attack. The porcupine bites you!
You die...

.P♣♣P..........#
...♣P..........#
#.....###############
##...#..#######......
....................
.................. ...#
................# +# ###....
................##..##....P..
.............).r@.......P....
######.###..##..##....$.P..P.
# ###.###'###O#######....PPP
#...'..^.#..r##..##...PPPP
#...#....#....Or.....PPP..
#...#....#..........PPP.PP
##+####..#######....Pt.P.P
####


###P..PPPPP ...PP..PP You could see a two-headed ogre and a porcupine.

Vanquished Creatures
  A hippogriff (D:7)
  A hungry ghost (D:7)
  An ice beast (D:7)
  2 sky beasts (D:6)
  An ogre (D:7)
  3 centaurs
  A bullfrog (D:7)
  A water moccasin zombie (D:5)
  7 killer bees (D:7)
  2 howler monkeys
  A bullfrog zombie (D:8)
  2 crimson imps
  4 jellies
  7 hounds
  5 orc wizards
  A bullfrog skeleton (D:4)
  3 iguanas
  A worker ant (D:5)
  A hound zombie (D:6)
  A worker ant zombie (D:6)
  4 gnolls (D:4)
  5 adders
  2 shadow imps
  An ooze (D:4)
  A worm (D:5)
  3 dart slugs
  4 leopard geckos
  10 orcs
  A ball python (D:3)
  3 giant cockroaches
  6 goblins
  5 hobgoblins
  2 quokkas (D:5)
  14 bats
  7 frilled lizards
  A jackal skeleton (D:4)
  9 kobolds
  A leopard gecko zombie (D:5)
  7 rats
132 creatures vanquished.

Vanquished Creatures (collateral kills)
  A hungry ghost (D:7)
  A jelly (D:7)
  2 killer bees (D:7)
  An orc priest (D:7)
  An orc (D:7)
6 creatures vanquished.

Vanquished Creatures (others)
  A fungus (D:8)
1 creature vanquished.

Grand Total: 139 creatures vanquished

Notes
Turn   | Place    | Note
-------+----------+-------------------------------------------
     0 | D:1      | nubinia the Barachian Ice Elementalist began the quest for the Orb.
     0 | D:1      | Reached XP level 1. HP: 13/13 MP: 3/3
   269 | D:1      | Reached XP level 2. HP: 4/19 MP: 1/5
   514 | D:1      | Learned a level 2 spell: Throw Frost
  1384 | D:1      | Reached XP level 3. HP: 24/24 MP: 1/6
  1430 | D:1      | Learned a level 3 spell: Ozocubu's Armour
  1678 | D:2      | Found a white marble altar of Elyvilon.
  1682 | D:2      | Reached skill level 4 in Ice Magic
  1928 | D:2      | Found a snail-covered altar of Cheibriados.
  1939 | D:2      | Became a worshipper of Cheibriados the Contemplative
  2092 | D:2      | Found a radiant altar of Vehumet.
  2092 | D:2      | Found a hide-covered altar of Uskayaw.
  2187 | D:2      | Reached XP level 4. HP: 30/30 MP: 0/7
  2595 | D:3      | Reached * piety under Cheibriados
  3129 | D:4      | Reached XP level 5. HP: 35/35 MP: 6/9
  3249 | D:4      | Reached skill level 5 in Ice Magic
  3907 | D:4      | Reached XP level 6. HP: 37/42 MP: 0/11
  4183 | D:4      | Reached ** piety under Cheibriados
  4367 | D:5      | Entered Level 5 of the Dungeon
  4595 | D:5      | Found a shadowy altar of Dithmenos.
  4792 | D:5      | Reached skill level 1 in Short Blades
  5006 | D:5      | Reached skill level 1 in Fighting
  5006 | D:5      | Reached XP level 7. HP: 39/48 MP: 13/13
  5201 | D:5      | Learned a level 4 spell: Summon Ice Beast
  5313 | D:5      | Reached skill level 6 in Ice Magic
  5463 | D:6      | Reached *** piety under Cheibriados
  5669 | D:6      | Reached skill level 1 in Shields
  5669 | D:6      | Reached skill level 1 in Summonings
  5692 | D:6      | Reached XP level 8. HP: 37/54 MP: 4/15
  5766 | D:6      | Found an opulent altar of Gozag.
  6130 | D:7      | Reached skill level 5 in Spellcasting
  6153 | D:7      | Found a staircase to the Ecumenical Temple.
  6233 | D:7      | Learned a level 2 spell: Ensorcelled Hibernation
  6241 | D:7      | Noticed a hippogriff
  6253 | D:7      | Killed a hippogriff
  6253 | D:7      | Reached **** piety under Cheibriados
  6253 | D:7      | Reached skill level 7 in Ice Magic
  6516 | D:7      | Reached XP level 9. HP: 61/61 MP: 8/17
  7215 | D:7      | Reached skill level 8 in Ice Magic
  7331 | D:7      | Reached ***** piety under Cheibriados
  7516 | D:8      | Noticed a two-headed ogre
  7527 | D:8      | Slain by a porcupine

Vault maps used:
D:1:      evilmike_arrival_fibonacci_small
D:2:      lemuel_round_altar, gammafunk_temple_overflow_statue, elyvilon_altar_5
D:3:      wad_lake_hut, first_bread
D:5:      nicolae_dithmenos_the_darkroom
D:6:      basic_altar
D:7:      serial_glass, glass_columns_a, glass_columns_c, glass_columns_a,
          glass_columns_b
D:8:      due_lair_maze_entry_diamond, serial_shops, nicolae_shop_crystal,
          kennysheep_mini, shop_fountains, grunt_livestock, serial_park_tiny_2,
          nicolae_ru_the_path_less_chosen

Skill      XL: |  1  2  3  4  5  6  7  8  9 |
---------------+----------------------------+-----
Ice Magic      | 4 5 6 7 8 |  8.2
Spellcasting   | 3 4 5 6 |  6.4
Stealth        | 3 4 |  4.2
Short Blades   | 1 2 |  2.2
Fighting       | 1 |  1.9
Dodging        | 3 |  3.8
Shields        | 1 2 |  2.8
Summonings     | 1 3 4 |  4.3
Conjurations   | |  1.1
Charms         | |  0.8

Action                   |  1- 3 |  4- 6 |  7- 9 || total
-------------------------+-------+-------+-------++-------
Melee: Dagger            |    50 |    98 |   100 ||   248
 Cast: Freeze            |    51 |    69 |   128 ||   248
       Throw Frost       |     3 |     3 |     9 ||    15
       Ozocubu's Armour  |       |     3 |    12 ||    15
       Summon Ice Beast  |       |       |     8 ||     8
Invok: Bend Time         |       |     1 |     1 ||     2
 Abil: Hop               |       |     2 |     1 ||     3
  Use: Scroll            |       |     8 |     8 ||    16
       Potion            |       |     1 |     2 ||     3
 Stab: Sleeping          |     2 |     8 |     7 ||    17
       Distracted        |       |       |     2 ||     2
  Eat: Chunk             |     6 |     6 |     5 ||    17
       Fruit             |       |       |     4 ||     4
Armor: Robe              |    34 |    22 |    45 ||   101
Dodge: Dodged            |    82 |   101 |   110 ||   293
Block: Buckler           |       |    17 |    94 ||   111
